 Dungeon Crawl Stone Soup version 0.18.1-50-g88ac8fd (webtiles) character file.

146 Krapule the Shield-Bearer (level 5, -6/34 HPs)
             Began as a Halfling Wanderer on Oct 10, 2016.
             Mangled by olma's ghost (10 damage)
             ... on level 3 of the Dungeon.
             The game lasted 00:13:39 (3183 turns).

Krapule the Shield-Bearer (Halfling Wanderer)       Turns: 3183, Time: 00:13:39

Health: -6/34      AC:  9    Str: 12    XL:     5   Next: 53%
Magic:  8/8        EV: 10    Int: 11    God:
Gold:   110        SH:  5    Dex: 15    Spells: 0 memorised, 8 levels left

rFire  . . .     SeeInvis .     a - +2 short sword (drain)
rCold  . . .     Gourm    .     d - +2 scale mail
rNeg   . . .     Faith    .     s - +0 buckler
rPois  .         Spirit   .     (no helmet)
rElec  .         Dismiss  .     (no cloak)
rCorr  .         Reflect  .     k - +0 pair of gloves
SustAt .         Harm     .     (no boots)
MR     .....                    (no amulet)
Stlth  +.........               (no ring)
                                (no ring)

@: drained, not resistant to hostile enchantments, very unstealthy
A: mutation resistance 1
a: no special abilities


You were on level 3 of the Dungeon.
You were not hungry.

You visited 1 branch of the dungeon, and saw 3 of its levels.

You collected 110 gold pieces.

Inventory:

Hand Weapons
 a - a +2 short sword of draining (weapon)
 b - a +0 hunting sling
 m - a +0 short sword
Missiles
 h - 116 stones (quivered)
Armour
 d - a +2 scale mail (worn)
 k - a +0 pair of gloves (worn)
 s - a +0 buckler (worn)
Jewellery
 o - an uncursed ring of teleportation
Scrolls
 e - a scroll of teleportation
 i - a scroll of identify
 j - a scroll of recharging
 u - a scroll of fear
Potions
 g - 2 potions of ambrosia
 p - a potion of invisibility
 t - a potion of flight {unknown}
Books
 c - the Compendium of the Ten Lies

   Spells                             Type                      Level
   a - Flame Tongue                   Conjuration/Fire             1
   b - Static Discharge               Conjuration/Air              3
Comestibles
 f - 2 bread rations
 l - a slice of pizza
 n - 3 beef jerkies
 q - a royal jelly
 r - a meat ration


   Skills:
 + Level 2.2(1.4) Fighting
 + Level 2.4(1.6) Slings
 + Level 2.7(1.9) Armour
 + Level 1.5(0.7) Dodging
 + Level 2.1(1.3) Stealth
 + Level 2.7(1.9) Shields
 - Level 2.0(1.2) Spellcasting
   Level 2.1(1.3) Charms
   Level 1.0(0.2) Earth Magic


You had 8 spell levels left.
You didn't know any spells.

Dungeon Overview and Level Annotations

Branches:
Dungeon (3/15)

Altars:
Ashenzari
Okawaru
Xom

Annotations:
D:3 olma's ghost, weakling TrBe


Innate Abilities, Weirdness & Mutations

You are small and have problems with some larger weapons.
You are somewhat resistant to further mutation.


Message History

Olma's ghost hits you!
You enter the shallow water.
Moving in this stuff is going to be slow.
Olma's ghost makes a sound of rattling chains.
Olma's ghost hits you but does no damage.
Things that are here:
an enchanted flail; a ring mail Olma's ghost hits you.
You enter the shallow water.
Moving in this stuff is going to be slow.
Olma's ghost hits you. Olma's ghost hits you!
* * * LOW HITPOINT WARNING * * *
There is a collapsed entrance here.
You block olma's ghost's attack. Why would you want to do that?
You enter the shallow water.
Moving in this stuff is going to be slow.
Olma's ghost hits you!
You die...

...#.#.#####.#.≈#########........
##...........#≈≈≈≈≈≈.)≈≈#########
.......####..##≈≈≈≈≈≈≈≈.≈# #
##.#<#.####..##########..# #
#..#.#........###≈≈≈≈≈≈..# #
#..#.#.####...##≈.....≈≈###
#.....>..<...##..≈≈≈≈≈≈##.#######
#>...#.####.###.W#########)......
#.#.##.# #.# #≈@≈≈≈≈≈≈≈.#.######
#.#.##.# #.# ##≈.≈≈≈.≈.≈≈.##....
#.#.##.# #.# ########≈...##.###
#.#.##.# #.# #######.# # #..#.#.#
#.# #.# ..###..# #.# ### #.#
#..#.### #.# ##_### #.# #.#.##
#.###≈.≈.# #.# #.#.# #..#.≈.≈##
#.#


You could see olma's ghost.

Vanquished Creatures
  A howler monkey (D:3)
  2 gnolls
  2 worms
  3 dart slugs (D:1)
  6 giant geckos
  3 orcs (D:3)
  6 giant cockroaches
  7 hobgoblins
  2 quokkas
  A ball python (D:1)
  4 bats
  6 giant newts
  10 goblins
  11 kobolds
  7 rats
71 creatures vanquished.

Notes
Turn   | Place    | Note
--------------------------------------------------------------
     0 | D:1      | Krapule the Halfling Wanderer began the quest for the Orb.
     0 | D:1      | Krapule set off with: a +2 scale mail, a scroll of teleportation, the Compendium of the Ten Lies, a +0 dagger, a bread ration
     0 | D:1      | Reached XP level 1. HP: 13/13 MP: 3/3
    96 | D:1      | Reached XP level 2. HP: 15/18 MP: 4/4
    97 | D:1      | Identified the Compendium of the Ten Lies
   623 | D:1      | Reached XP level 3. HP: 23/23 MP: 5/5
   661 | D:1      | Reached skill level 1 in Dodging
   791 | D:1      | Reached skill level 1 in Stealth
   903 | D:1      | Reached skill level 1 in Slings
  1539 | D:2      | Reached XP level 4. HP: 29/29 MP: 7/7
  1753 | D:2      | Found a shattered altar of Ashenzari.
  2250 | D:3      | Found a shimmering altar of Xom.
  2333 | D:3      | Noticed olma's ghost (weakling TrBe)
  2597 | D:3      | Reached XP level 5. HP: 34/34 MP: 8/8
  2769 | D:3      | Found a glowing drain.
  3010 | D:3      | Found an iron altar of Okawaru.
  3183 | D:3      | Mangled by olma's ghost

Skill      XL: |  1  2  3  4  5 |
---------------+----------------+-----
Dodging        | 1 |  1.5
Stealth        | 1 2 |  2.1
Slings         | 1 2 |  2.4
Spellcasting   | 2 |  2.0
Fighting       | 2 |  2.2
Armour         | |  2.7
Shields        | |  2.7
Charms         | |  2.1
Earth Magic    | |  1.0

Action                   |  1- 3 |  4- 6 || total
-------------------------+-------+-------++-------
Melee: Dagger            |    97 |       ||    97
       Short sword       |    62 |   162 ||   224
 Fire: Hunting sling     |     8 |     5 ||    13
  Use: Scroll            |     2 |     7 ||     9
  Eat: Chunk             |     2 |     6 ||     8
Armor: Scale mail        |    59 |    74 ||   133
Dodge: Dodged            |    81 |    95 ||   176
Block: Buckler           |       |    28 ||    28
